 Dungeon Crawl Stone Soup version 0.32-a0-893-gf85d74f360 (webtiles) character file.

Game seed: 12597135564697303145

1870972 AutarchDCSS the Conqueror (level 25, 257/257 HPs)
             Began as a Purple Draconian Fighter on Apr 2, 2024.
             Was an Initiate of Gozag.
             Escaped with the Orb
             ... and 4 runes on Apr 3, 2024!
             The game lasted 03:46:01 (98173 turns).

AutarchDCSS the Conqueror (DrFi)                   Turns: 98173, Time: 03:46:02

Health: 257/257    AC: 24    Str: 18    XL:     25   Next: 65%
Magic:  38/38      EV: 34    Int:  6    God:    Gozag
Gold:   5753       SH: 17    Dex: 25    Spells: 29/32 levels left

rFire   + . .        l - +8 demon trident "Rift" {distort, reach+}
rCold   + . .        G - +0 kite shield
rNeg    + . .        (body armour unavailable)
rPois   +            f - +2 hood of the Assassin {Detect Stab+ Stlth++}
rElec   +            a - +2 cloak {Will+}
rCorr   .            d - +3 pair of gauntlets of War {Slay+5}
SInv    .            H - +2 pair of boots {Fly}
Will    ++++.        T - amulet of Immorality {Acrobat rF+}
Stlth   ++           i - ring of Doubts {*Corrode rElec rPois MP+9 Dex+5}
HPRegen 0.62/turn    U - ring "Ysutomm" {rPois rC+ rN+ Int-4 Stlth+}
MPRegen 0.26/turn

%: corrode self (3%), acrobat
@: maw-form, flying, studying 3 skills
A: devouring maw, nullifying breath, AC +12, unfitting armour, cold-blooded,
dopey 1
0: Orb of Zot
}: 4/15 runes: decaying, serpentine, slimy, silver
a: Nullifying Breath, Begin Untransformation, Renounce Religion, Potion
Petition, Call Merchant, Bribe Branch


You escaped.
You worshipped Gozag.
Gozag was greatly pleased with you.
You were a creature with a mouth for a stomach.
You visited 11 branches of the dungeon, and saw 53 of its levels.
You also visited: Bailey, Gauntlet and Wizlab.

You collected 28694 gold pieces.
You spent 3888 gold pieces at shops.
You paid 19053 gold pieces to Gozag.

Inventory:

Hand Weapons
 l - the +8 demon trident "Rift" (weapon) {distort, reach+}
   (You bought it in a shop on level 6 of the Dungeon)
Missiles
 b - 16 curare-tipped darts
 g - 8 silver javelins (quivered)
 r - 14 javelins
 v - 33 boomerangs
 J - 3 throwing nets
Armour
 a - a +2 cloak of willpower (worn)
 d - the +3 pair of gauntlets of War (worn) {Slay+5}
   (You acquired it on level 2 of the Depths)

   Slay+5:    It affects your accuracy & damage with ranged weapons and melee
   (+5).
 f - the +2 hood of the Assassin (worn) {Detect Stab+ Stlth++}
   (You acquired it on level 5 of the Vaults)

   Detect:    It allows the wearer to sense nearby creatures.
   Stab+:     It allows the wearer to make particularly effective stabbing
   attacks against helpless or unaware enemies with any weapon.
   Stlth++:   It makes you much more stealthy.
 E - the +0 hat of Dyoje {Will+ rCorr}
   (You acquired it on level 3 of the Depths)

   Will+:     It increases your willpower.
   rCorr:     It protects you from acid and corrosion.
 G - a +0 kite shield (worn)
 H - a +2 pair of boots of flying (worn)
Jewellery
 h - an amulet of reflection
 i - the ring of Doubts (left hand) {*Corrode rElec rPois MP+9 Dex+5}
   (You found it on level 5 of the Pits of Slime)

   [ring of magical power]

   Dex+5:     It affects your dexterity (+5).
   rElec:     It insulates you from electricity.
   rPois:     It protects you from poison.
   MP+9:      It affects your magic capacity (+9).
   *Corrode:  It may corrode you when you take damage.
 o - the ring of Xom's Best Wishes {Int+2 SInv}
   (You found it on level 3 of the Depths)

   [ring of see invisible]

   Int+2:     It affects your intelligence (+2).
   SInv:      It lets you see invisible.
 z - an amulet of guardian spirit
 I - an amulet of regeneration
 Q - a ring of protection from fire
 T - the amulet of Immorality (around neck) {Acrobat rF+}
   (You acquired it on level 5 of the Vaults)

   [amulet of the acrobat]

   Acrobat:   It increases your evasion while moving and waiting.
   rF+:       It protects you from fire.
 U - the ring "Ysutomm" (right hand) {rPois rC+ rN+ Int-4 Stlth+}
   (You found it on level 3 of the Elven Halls)

   [ring of poison resistance]

   Int-4:     It affects your intelligence (-4).
   rC+:       It protects you from cold.
   rPois:     It protects you from poison.
   rN+:       It protects you from negative energy.
   Stlth+:    It makes you more stealthy.
Wands
 q - a wand of polymorph (31)
 L - a wand of quicksilver (25)
 M - a wand of roots (55)
 R - a wand of digging (11)
 V - a wand of mindburst (27)
 Z - a wand of paralysis (50)
Scrolls
 k - 4 scrolls of blinking
 w - 6 scrolls of amnesia
 y - 12 scrolls of fog
 N - 2 scrolls of immolation
 O - a scroll of revelation
 P - 14 scrolls of teleportation
 S - 3 scrolls of summoning
 W - a scroll of torment
 X - 5 scrolls of silence
 Y - 3 scrolls of fear
Potions
 c - 5 potions of might
 e - 5 potions of heal wounds
 p - 15 potions of curing
 s - 2 potions of cancellation
 t - 10 potions of enlightenment
 x - 3 potions of resistance
 A - 8 potions of mutation
 B - a potion of berserk rage
 C - 4 potions of haste
 D - 3 potions of invisibility
 F - 5 potions of ambrosia
Miscellaneous
 j - a condenser vane
 m - a phial of floods
 n - a phantom mirror
 u - a box of beasts
 K - a lightning rod (4/4)


   Skills:
 O Level 27 Fighting
 - Level 10.0 Short Blades
 - Level 18.8 Polearms
 + Level 24.2 Dodging
 - Level 18.8 Shields
 - Level 4.3 Spellcasting
 - Level 5.0 Necromancy
 - Level 14.0 Evocations
 - Level 10.0 Shapeshifting


You had 29 spell levels left.
You knew the following spells:

 Your Spells              Type           Power      Damage    Failure   Level
a - Fugue of the Fallen   Necr           7%         N/A       17%         3

Your spell library contained the following spells:

 Spells                   Type           Power      Damage    Failure   Level
 Necrotise                Necr           28%        1d5       6%          1
 Sublimation of Blood     Necr           7%         N/A       9%          2
 Vampiric Draining        Necr           7%         2d6       17%         3
 Cigotuvi's Dreadful Rot  Necr/Alch/Air  6%         N/A       34%         2
 Apportation              Tloc           2%         N/A       41%         1
 Foxfire                  Conj/Fire      4%         2x1d4     41%         1
 Freeze                   Ice            4%         1d3       41%         1
 Magic Dart               Conj           4%         1d3       41%         1
 Sandblast                Erth           2%         2d4       41%         1
 Shock                    Conj/Air       4%         1d3       41%         1
 Sting                    Conj/Alch      4%         1d3       41%         1
 Summon Small Mammal      Summ           4%         N/A       41%         1
 Ensorcelled Hibernation  Hex/Ice        2%         N/A       56%         2
 Mercury Vapours          Alch/Air       2%         N/A       56%         2
 Momentum Strike          Conj/Tloc      2%         3d8       56%         2
 Scorch                   Fire           2%         2d5       56%         2
 Searing Ray              Conj           2%         2d4       56%         2
 Static Discharge         Conj/Air       2%         3-4/arc   56%         2
 Call Canine Familiar     Summ           1%         N/A       80%         3
 Dazzling Flash           Conj/Hex       2%         N/A       80%         3
 Frozen Ramparts          Ice            2%         1d1       80%         3
 Hailstorm                Conj/Ice       1%         3d5       80%         3
 Inner Flame              Hex/Fire       1%         N/A       80%         3
 Mephitic Cloud           Conj/Alch/Air  1%         N/A       80%         3
 Sigil of Binding         Hex            1%         N/A       80%         3
 Stone Arrow              Conj/Erth      2%         3d7       80%         3
 Summon Ice Beast         Ice/Summ       1%         N/A       80%         3
 Swiftness                Air            1%         N/A       80%         3
 Tukima's Dance           Hex            1%         N/A       80%         3
 Volatile Blastmotes      Fire/Tloc      2%         2d10      80%         3
 Anguish                  Hex/Necr       2%         N/A       85%         4
 Martyr's Knell           Necr/Summ      4%         N/A       85%         4
 Curse of Agony           Necr           7%         N/A       85%         5
 Airstrike                Air            0%         2d(1-17)  99%         4
 Brom's Barrelling Bould  Conj/Erth      1%         2d3       99%         4
 Cause Fear               Hex            0%         N/A       99%         4
 Dimensional Bullseye     Hex/Tloc       0%         N/A       99%         4
 Flame Wave               Conj/Fire      1%         2d4       99%         4
 Fulminant Prism          Conj/Alch      0%         3d5       99%         4
 Ignite Poison            Fire/Alch      1%         N/A       99%         4
 Iskenderun's Mystic Bla Conj/Tloc 1%             2d3        (+2d1     99%         4
 Leda's Liquefaction      Alch/Erth      0%         N/A       99%         4
 Olgreb's Toxic Radiance  Alch           1%         N/A       99%         4
 Passage of Golubria      Tloc           1%         N/A       99%         4
 Petrify                  Alch/Erth      1%         N/A       99%         4
 Sticky Flame             Fire/Alch      1%         2d4       99%         4
 Summon Blazeheart Golem  Fire/Summ      1%         N/A       99%         4
 Summon Lightning Spire   Summ/Air       1%         N/A       99%         4
 Borgnjor's Vile Clutch   Necr/Erth      2%         N/A       99%         5
 Alistair's Intoxication  Alch           0%         N/A       100%        5
 Freezing Cloud           Conj/Ice/Air   0%         6-21      100%        5
 Irradiate                Conj/Alch      0%         3d11      100%        5
 Iskenderun's Battlesphe  Conj           1%         2d6       100%        5
 Lee's Rapid Deconstruct  Erth           0%         3d4*      100%        5
 Metabolic Englaciation   Hex/Ice        0%         N/A       100%        5
 Summon Mana Viper        Hex/Summ       1%         N/A       100%        5
 Yara's Violent Unravell  Hex/Alch       0%         3d3       100%        5
 Bombard                  Conj/Erth      0%         9d1       100%        6
 Death Channel            Necr           3%         N/A       100%        6
 Dispersal                Tloc           0%         N/A       100%        6
 Eringya's Noxious Bog    Alch           0%         4d6       100%        6
 Gell's Gavotte           Tloc           0%         2d(11-16) 100%        6
 Permafrost Eruption      Ice/Erth       0%         2x4d1     100%        6
 Sculpt Simulacrum        Ice/Alch       0%         N/A       100%        6
 Starburst                Conj/Fire      0%         6d3       100%        6
 Summon Cactus Giant      Summ           0%         N/A       100%        6
 Enfeeble                 Hex            0%         N/A       100%        7
 Haunt                    Necr/Summ      2%         N/A       100%        7
 Malign Gateway           Summ/Tloc      0%         N/A       100%        7
 Manifold Assault         Tloc           0%         N/A       100%        7
 Monstrous Menagerie      Summ           0%         N/A       100%        7
 Orb of Destruction       Conj           0%         9d5       100%        7
 Ozocubu's Refrigeration  Ice            0%         4d7       100%        7
 Spellforged Servitor     Conj/Summ      0%         N/A       100%        7
 Borgnjor's Revivificati  Necr           3%         N/A       100%        8
 Discord                  Hex            0%         N/A       100%        8
 Disjunction              Tloc           0%         N/A       100%        8
 Ignition                 Fire           0%         3d3       100%        8
 Lehudib's Crystal Spear  Conj/Erth      0%         10d2      100%        8
 Maxwell's Capacitive Co  Air            0%         ∞         100%        8
 Summon Horrible Things   Summ           0%         N/A       100%        8
 Death's Door             Necr           3%         N/A       100%        9
 Fire Storm               Conj/Fire      0%         6d1       100%        9
 Polar Vortex             Ice            0%         N/A       100%        9
 Animate Armour           Summ/Erth      Unusable   N/A       N/A         4

Dungeon Overview and Level Annotations

Branches:
Dungeon (15/15)            Temple (1/1) D:6            Lair (5/5) D:9
  Swamp (4/4) Lair:2        Snake (4/4) Lair:3        Slime (5/5) Lair:5
    Orc (2/2) D:10            Elf (3/3) Orc:2        Vaults (5/5) D:14
  Crypt (0/3) Vaults:2     Depths (4/4) D:15            Zot (5/5) Depths:4
 Bailey (visited)          WizLab (visited)         Gauntlet (visited)

Altars:
Ashenzari
Cheibriados
Dithmenos
Elyvilon
Fedhas
Gozag
Hepliaklqana
Kikubaaqudgha
Makhleb
Nemelex Xobeh
Okawaru
Qazlal
Ru
Sif Muna
Trog
Uskayaw
Vehumet
Wu Jian
Xom
Yredelemnul
Zin
The Shining One
Jiyva

Shops:
D:6 :!(   D:11 !   Orc:1 (   Orc:2 :*([   Elf:1 (   Vaults:3 *   Vaults:4 *[[
Depths:2 (

Portals:
Hell: Lair:5 Depths:1 Depths:2 Depths:3 Depths:4
Abyss: Depths:3 Depths:4
Pandemonium: Depths:1 Depths:2
Ziggurat: Depths:1
Trove: Elf:1 (give 2 scrolls of acquirement)

Annotations:
D:4 Dowan; Duvessa
D:13 2 runed translucent doors, Mexzoddasi's ghost, journeyman MiBe
Orc:1 3 runed translucent doors, olmar's ghost, journeyman MDMo
Elf:2 6 runed translucent doors, Cuucabuana's ghost, veteran MiGl
Depths:1 exclusions: eye of devastation, 2 shining eyes and 1 more exclusion
Zot:1 1 runed translucent door, Cuhyol's ghost, veteran MfSh
Abyss:1 Gastronok; Grunn; Margery; Urug; Vashnia; Xtahua


Innate Abilities, Weirdness & Mutations

You are a creature with a mouth for a stomach.
Your midsection houses a second, enormous mouth.
You can breathe blasts of antimagic.
Your rich purple scales are hard. (AC +12)
You cannot fit into any form of body armour.
You are cold-blooded and may be slowed by cold attacks.
You are dopey. (Int -2)


Message History

No target in view!
No target in view!
You now have 5753 gold pieces (gained 10).
There is a stone staircase leading up here.
You fly upwards.
Level annotation: Dowan, Duvessa
There is a stone staircase leading down here.
You can't go up here!
What level of the Dungeon? (default 4, ? - help)
You sense a monster nearby.
No target in view!
There is a stone staircase leading up, spattered with blood here.
Dowan gestures wildly while chanting.
Dowan blinks!
You block Duvessa's attack. Duvessa completely misses you.
You block Duvessa's attack.
You fly upwards.
There is a stone staircase leading down, spattered with blood here.
You see here a +0 quarterstaff.
You sense a monster nearby.
A toenail golem comes into view.
You impale the toenail golem!!
Space warps around the toenail golem.
The toenail golem is moderately damaged.
You impale the toenail golem!!
Space warps around the toenail golem.
The toenail golem is severely damaged.
You puncture the toenail golem!
You destroy the toenail golem!
No target in view!
No target in view!
There is a stone staircase leading up here.
You fly upwards.
There is a stone staircase leading down here.
There is a stone staircase leading up here.
You fly upwards.
There is a stone staircase leading down here.
There is an open door here.
A shadow demon comes into view.
There is a staircase leading out of the dungeon here.
You have escaped!

.......#...##...##...##...#.##.#.
.....#.#..####..##..####..#.##.#.
.......#..####..##..####..#.##.##
.......#...##...##...##...#.##.#
.)######..................#..#.##
..## ##................###.....
...# ######..##..###### ###...
...# ######..##..###### #... ...#
##......XW2.......## #... ...#
#..................# #.## ...###
#...##...##...##...# #.# .....#
#..####..##..####..# #.## ##...#
#..####..##..####..####+## #...#
#...##...##...##...##.....
#...###........##........##.....
#.....#+......####......'##.....
#...#..######## ########.......


You could see an Orb Guardian and a shadow demon.

Vanquished Creatures
  the Royal Jelly (Slime:5)
  Mennas (Vaults:2)
  2 Killer Klowns (Zot:5)
  Parghit (Depths:4)
  3 caustic shrikes (Depths:3)
  3 curse toes
  7 golden dragons
  A bone dragon (Depths:4)
  A Brimstone Fiend (Zot:5)
  2 electric golems (Zot:5)
  2 doom hounds (Depths:3)
  4 tentacled monstrosities
  A hellephant (Vaults:4)
  An Ice Fiend (Zot:3)
  2 deep elf blademasters (Elf:3)
  2 liches
  3 titans (Vaults:5)
  11 Orb Guardians
  5 quicksilver dragons
  An Executioner (Zot:1)
  2 deep elf master archers (Elf:3)
  5 death cobs
  14 acid blobs
  2 sphinxes
  5 shadow dragons
  6 tengu reavers
  2 protean progenitors (Zot:1)
  6 azure jellies (Slime:5)
  3 draconian monks
  5 rockslimes
  9 nagarajas (Snake:4)
  10 fire giants
  3 storm dragons
  A fenstrider witch (Swamp:4)
  6 deep elf sorcerers
  4 frost giants
  An iron dragon (Vaults:5)
  2 draconian shifters
  3 draconian scorchers (Zot:2)
  10 vault wardens
  A balrug (Depths:1)
  3 draconian knights (Zot:3)
  A ghost moth (Zot:5)
  A cacodemon (D:5)
  4 deep elf elementalists (Elf:3)
  A draconian stormcaller (Zot:1)
  2 draconian annihilators
  7 orc warlords
  27 very ugly things
  9 quicksilver oozes
  4 formless jellyfish
  12 ironbound preservers
  A reaper (D:10)
  Nessos (D:12)
  8 stone giants
  3 vampire knights
  9 deep elf demonologists
  3 green draconians
  7 deep elf death magi
  6 ironbound thunderhulks
  6 eleionomae
  A black draconian (Zot:3)
  3 red draconians
  5 yellow draconians
  2 war gargoyles
  8 deep elf annihilators
  3 bunyips
  7 white draconians
  21 dire elephants
  A minotaur (Gauntlet)
  7 purple draconians
  Snorg (D:13)
  A spark wasp (Depths:1)
  3 entropy weavers
  11 ettins
  A blizzard demon (Zot:1)
  A green death (Depths:1)
  5 fire dragons
  11 yaktaur captains
  6 deep elf high priests
  12 great orbs of eyes
  Harold (D:11)
  15 vault guards
  4 rakshasas
  Fannar (Lair:1)
  12 hydras
  3 salamander tyrants (Snake:4)
  10 anacondas
  10 centaur warriors
  2 ghost crabs
  6 ice dragons
  3 alligators
  11 ironbound frosthearts
  A peacekeeper (D:14)
  A two-headed ogre (D:13)
  10 dancing weapons
  4 tengu warriors
  4 death yaks
  4 boulder beetles
  4 deep troll earth magi
  12 naga sharpshooters
  2 vampire magi (Depths:2)
  6 occultists
  4 orc high priests
  A soul eater (Gauntlet)
  9 spriggan berserkers
  4 deep troll shamans
  8 hell knights
  9 shock serpents
  9 spriggans
  4 sun demons
  16 naga warriors
  9 deep elf knights
  5 iron trolls
  A fire crab (D:15)
  4 sixfirhies
  A salamander mystic (D:15)
  2 shadow demons
  10 glowing orange brains
  6 deep elf archers
  3 flayed ghosts
  44 deep trolls
  5 goliath frogs
  2 spriggan druids
  5 phantasmal warriors
  6 arcanists
  7 swamp dragons
  9 mana vipers
  8 bog bodies
  6 naga ritualists
  23 deep elf pyromancers
  3 lindwurms (Vaults:2)
  2 necromancers
  3 thermic dynamos
  12 deep elf zephyrmancers
  10 ironbound convokers
  33 ugly things
  A lightning spire (Zot:3)
  22 orc knights
  A cyclops (shapeshifter) (Vaults:5)
  3 manticores
  5 will-o-the-wisps
  14 moths of wrath
  3 cyclopes
  3 meliai (D:14)
  4 orc sorcerers
  20 salamanders
  3 shining eyes
  6 elephants
  3 kobold blastminers (Orc:2)
  A toenail golem (D:3)
  A black mamba (shapeshifter) (D:13)
  A rust devil (D:15)
  18 eyes of devastation
  An elephant (shapeshifter) (Vaults:5)
  23 black mambas
  5 guardian serpents
  A smoke demon (Lair:5)
  11 naga magi
  An eye of devastation (shapeshifter) (Depths:4)
  18 vault sentinels
  2 orange demons (Lair:5)
  6 cane toads
  5 large abominations
  7 gargoyles
  3 torpor snails
  3 unseen horrors
  4 rime drakes
  An ice devil (Lair:5)
  8 komodo dragons
  Jeremiah (D:9)
  21 yaktaurs
  3 tengu conjurers
  3 freezing wraiths
  A bloated husk (Swamp:4)
  4 trolls
  2 polar bears
  8 tyrant leeches
  A glass eye (shapeshifter) (Depths:3)
  6 dream sheep (Lair:5)
  14 hornets
  5 glass eyes
  Prince Ribbit (D:9)
  16 blink frogs
  A raiju (D:15)
  Sigmund (D:6)
  55 slime creatures
  A shadow (D:8)
  A centaur simulacrum (D:14)
  10 water elementals
  35 yaks
  2 wraiths
  A vampire (D:12)
  8 wyverns
  5 basilisks
  5 steam dragons
  A neqoxec (Gauntlet)
  2 basilisks (shapeshifter) (D:15)
  21 golden eyes
  2 fire elementals
  3 wargs
  5 redbacks
  17 vampire mosquitoes
  18 swamp worms
  45 nagas
  2 chaos spawn
  3 acid dragons
  4 hell hounds (Lair:5)
  13 water moccasins
  A meliai simulacrum (D:15)
  A black bear (Lair:4)
  2 laughing skulls (D:14)
  30 orc warriors
  11 swamp drakes
  An ice beast (Temple)
  An ogre (Orc:2)
  10 wolves
  4 boggarts (Lair:2)
  4 sky beasts
  10 centaurs
  4 elf zombies (Elf:1)
  17 bullfrogs
  3 kobold brigands
  A gnoll sergeant (D:8)
  An earth elemental (Elf:3)
  4 scorpions
  5 small abominations (Elf:3)
  12 wights (D:9)
  19 killer bees
  3 howler monkeys (D:8)
  3 electric eels
  A crimson imp (D:6)
  2 lava snakes (D:9)
  2 hounds (D:6)
  A bombardier beetle (D:3)
  6 jellies
  17 orc priests
  2 iguanas
  A sleepcap (D:4)
  21 orc wizards
  11 adders
  4 shadow imps
  14 white imps
  4 ufetubi
  3 dart slugs
  A ribbon worm (D:3)
  67 orcs
  7 endoplasms
  2 giant cockroaches
  10 goblins
  8 hobgoblins
  14 jackals
  23 kobolds
  4 quokkas
  10 ball pythons
  9 bats
  A frilled lizard (D:2)
  9 rats
  2 aspiring fleshes (Zot:1)
1746 creatures vanquished.

Vanquished Creatures (collateral kills)
  An ancient lich (Zot:5)
  2 Killer Klowns (Zot:5)
  4 golden dragons
  Zenata (Vaults:4)
  A tentacled monstrosity (Zot:2)
  4 Orb Guardians (Zot:5)
  4 death cobs
  2 titans (Vaults:5)
  3 quicksilver dragons
  2 storm dragons
  An Executioner (Zot:1)
  A shadow dragon (Zot:4)
  3 protean progenitors
  4 draconian scorchers
  3 draconian monks
  3 vault wardens (Vaults:5)
  3 draconian knights
  A ghost moth (Zot:5)
  A draconian shifter (Zot:2)
  2 draconian stormcallers
  2 draconian annihilators
  A balrug (Zot:1)
  5 green draconians
  2 stone giants (Vaults:5)
  2 black draconians
  4 red draconians
  3 white draconians
  3 yellow draconians
  5 purple draconians
  A spark wasp (Zot:2)
  2 yaktaur captains
  An ettin (Vaults:5)
  2 blizzard demons (Zot:1)
  7 vault guards (Vaults:5)
  An ogre mage (Vaults:5)
  2 anacondas (Zot:1)
  An arcanist (Vaults:2)
  A lindwurm (shapeshifter) (Vaults:5)
  11 moths of wrath
  A vault sentinel (Vaults:5)
  2 water nymphs (Zot:2)
  2 yaktaurs
  A freezing wraith (Vaults:5)
  A hornet (Swamp:4)
  A glass eye (Zot:1)
  A slime creature (Vaults:2)
  3 wyverns (Zot:1)
  4 aspiring fleshes
118 creatures vanquished.

Vanquished Creatures (others)
  2 dread liches (Zot:5)
  2 ancient liches (Zot:5)
  2 orbs of fire (Zot:5)
  A Killer Klown (Zot:5)
  2 curse toes
  An electric golem (Zot:3)
  4 tentacled monstrosities
  7 Orb Guardians (Zot:5)
  2 sphinxes (Vaults:5)
  2 titans (Vaults:5)
  2 death cobs (Zot:3)
  A storm dragon (Zot:5)
  A shadow dragon (Zot:1)
  A tengu reaver (Vaults:5)
  A frost giant (Vaults:5)
  A draconian monk (Zot:3)
  2 draconian knights
  A draconian shifter (Zot:3)
  3 vault wardens (Vaults:5)
  3 balrugs (Zot:1)
  A draconian stormcaller (Zot:3)
  5 draconian scorchers
  A very ugly thing (Depths:2)
  An ironbound preserver (Vaults:5)
  A draconian annihilator (Zot:1)
  A stone giant (Vaults:5)
  4 green draconians
  2 black draconians
  5 white draconians
  3 yellow draconians
  4 purple draconians
  3 red draconians
  4 blizzard demons (Zot:1)
  An ettin (Vaults:5)
  2 yaktaur captains (Vaults:5)
  An ice dragon (Zot:3)
  4 vault guards
  A hydra (Swamp:3)
  An occultist (Depths:1)
  A fire crab (shapeshifter) (Vaults:5)
  An arcanist (Vaults:2)
  A deep elf pyromancer (Elf:3)
  A faun (shapeshifter) (Vaults:5)
  3 moths of wrath
  A red devil (Depths:4)
  A hornet (D:8)
  A water elemental (D:15)
  4 foxfires
100 creatures vanquished.

Grand Total: 1964 creatures vanquished

Notes
Turn   | Place    | Note
-------+----------+-------------------------------------------
     0 | D:1      | AutarchDCSS the Draconian Fighter began the quest for the
                  | Orb.
     0 | D:1      | Reached XP level 1. HP: 19/19 MP: 1/1
   179 | D:1      | Reached XP level 2. HP: 26/26 MP: 2/2
   980 | D:2      | Reached XP level 3. HP: 33/33 MP: 3/3
  1100 | D:2      | Reached skill level 4 in Fighting
  1377 | D:2      | Reached XP level 4. HP: 40/40 MP: 4/4
  1909 | D:3      | Noticed a scorpion
  1922 | D:3      | Killed a scorpion
  1923 | D:3      | Reached XP level 5. HP: 36/47 MP: 5/5
  2206 | D:3      | Reached skill level 5 in Short Blades
  2370 | D:3      | Reached skill level 5 in Fighting
  2998 | D:4      | Reached XP level 6. HP: 50/56 MP: 6/6
  3301 | D:4      | Noticed Duvessa
  3313 | D:4      | Noticed Dowan
  3460 | D:4      | Found a broken altar of Ashenzari.
  3476 | D:5      | Entered Level 5 of the Dungeon
  3888 | D:5      | Your scales start taking on a rich purple colour.
  3888 | D:5      | Reached XP level 7. HP: 52/61 MP: 7/7
  4296 | D:6      | Found a staircase to the Ecumenical Temple.
  4312 | Temple   | Entered the Ecumenical Temple
  4321 | Temple   | Became a worshipper of Ru the Awakened
  5045 | D:6      | Found Umoaluuc's Distillery.
  5153 | D:6      | Reached XP level 8. HP: 63/68 MP: 8/8
  5322 | D:6      | Found Voeb Jutt's Book Shop.
  5446 | D:6      | Noticed Sigmund
  5449 | D:6      | Found Focionoila's Antique Weapon Shoppe.
  5472 | D:6      | Killed Sigmund
  5537 | D:6      | Found a burning altar of Makhleb.
  5543 | D:6      | Reached skill level 1 in Polearms
  5885 | D:7      | Reached skill level 10 in Short Blades
  6002 | D:7      | Found an opulent altar of Gozag.
  6011 | D:7      | Fell from the grace of Ru
  6011 | D:7      | Became a worshipper of Gozag Ym Sagoz the Greedy
  6149 | D:7      | Found a shimmering blue altar of Sif Muna.
  6153 | D:7      | Found a glowing silver altar of Zin.
  6487 | D:8      | Reached skill level 6 in Fighting
  6701 | D:8      | Reached XP level 9. HP: 74/77 MP: 9/9
  6819 | D:7      | Reached skill level 7 in Fighting
  6819 | D:7      | Reached skill level 5 in Dodging
  6956 | D:8      | Reached skill level 8 in Fighting
  6988 | D:8      | Found a flagged portal.
  6997 | Bailey   | Entered a bailey
  7654 | Bailey   | Noticed an orc knight
  7710 | Bailey   | Killed an orc knight
  7711 | Bailey   | Reached skill level 9 in Fighting
  7711 | Bailey   | Reached XP level 10. HP: 78/91 MP: 10/10
  7763 | Bailey   | Found a large runed translucent door.
  7763 | Bailey   | Found a large runed translucent door.
  7764 | Bailey   | Noticed a deep elf pyromancer
  7778 | Bailey   | Killed a deep elf pyromancer
  7791 | Bailey   | Identified the +2 chain mail of Death Resistance {Will+
                  | Dex+3}
  8538 | D:9      | Noticed Prince Ribbit
  8540 | D:9      | Killed Prince Ribbit
  8541 | D:9      | Reached skill level 10 in Fighting
  8786 | D:9      | Noticed Jeremiah
  8811 | D:9      | Killed Jeremiah
  9009 | D:9      | Noticed a cyclops
  9023 | D:9      | Killed a cyclops
  9740 | D:9      | Reached skill level 10 in Dodging
  9740 | D:9      | Reached skill level 1 in Evocations
  9900 | D:9      | Reached XP level 11. HP: 86/99 MP: 11/11
 10124 | D:9      | Found a staircase to the Lair.
 10606 | D:9      | Reached skill level 5 in Evocations
 10874 | D:10     | Entered Level 10 of the Dungeon
 11227 | D:10     | Found a staircase to the Orcish Mines.
 11266 | D:10     | Reached skill level 5 in Polearms
 11344 | D:10     | Identified 2 scrolls of acquirement
 11344 | D:10     | Acquired 635 gold pieces
 11349 | D:10     | Acquired 611 gold pieces
 11446 | D:6      | Bought the +8 demon trident "Rift" {distort, reach+} for
                  | 1943 gold pieces
 11446 | D:6      | Found the +8 demon trident "Rift" {distort, reach+}
 11623 | D:10     | Noticed a two-headed ogre
 11992 | D:11     | Noticed Harold
 12273 | D:11     | Killed Harold
 12696 | D:11     | Found Izufonohaps's Distillery.
 12709 | D:11     | Bought a potion of heal wounds for 80 gold pieces
 12777 | D:11     | Noticed a boulder beetle
 12807 | D:11     | Killed a boulder beetle
 12880 | D:11     | You fall into a shaft and drop 2 floors!
 12881 | D:13     | Noticed a necromancer
 12881 | D:13     | Found a runed translucent door.
 12882 | D:13     | Noticed a deep troll earth mage
 12916 | D:12     | Noticed a deep elf pyromancer
 13616 | D:11     | Reached XP level 12. HP: 92/106 MP: 12/12
 13674 | D:11     | Reached skill level 10 in Polearms
 13682 | D:11     | Identified the +7 short sword "Yhusch Iddi" {speed, rElec
                  | rF+ rN+ Dex+3}
 14084 | Lair:1   | Entered Level 1 of the Lair of Beasts
 14305 | Lair:1   | Noticed Gastronok
 14312 | Lair:1   | Banished Gastronok
 14439 | Lair:1   | Noticed Fannar
 14450 | Lair:1   | Killed Fannar
 14939 | Lair:2   | Found a staircase to the Swamp.
 14958 | Lair:2   | Found a gate leading to a gauntlet.
 14969 | Gauntlet | Entered a Gauntlet
 14969 | Gauntlet | Found a transporter.
 14969 | Gauntlet | Found a transporter.
 14969 | Gauntlet | Found a transporter.
 14982 | Gauntlet | Noticed a blizzard demon
 14987 | Gauntlet | Found a transporter.
 14993 | Gauntlet | Found a transporter.
 14999 | Gauntlet | Found a transporter.
 15001 | Gauntlet | Found a transporter.
 15001 | Gauntlet | Noticed a tengu warrior
 15007 | Gauntlet | Found a transporter.
 15028 | Gauntlet | Found a transporter.
 15089 | Gauntlet | Found a transporter.
 15108 | Gauntlet | Found a transporter.
 15112 | Gauntlet | Found a transporter.
 15264 | Gauntlet | Gained mutation: You are dopey. (Int -2) [a neqoxec]
 15318 | Gauntlet | Killed a tengu warrior
 15346 | Gauntlet | Identified the +0 pair of boots of Tenacity {Will- Int-4
                  | Dex+8 Slay+2}
 15406 | Gauntlet | Noticed a minotaur
 15418 | Gauntlet | Killed a minotaur
 15428 | Gauntlet | Identified the +8 dagger "Orb Guardian's Foe" {heavy,
                  | Int+5}
 15463 | Lair:2   | Noticed a death yak
 15469 | Lair:2   | Noticed a death yak
 15469 | Lair:2   | Noticed a death yak
 15469 | Lair:2   | Noticed a death yak
 15475 | Lair:2   | Noticed a death yak
 15495 | Lair:2   | Banished a death yak
 15496 | Lair:2   | Banished a death yak
 15507 | Lair:2   | Banished a death yak
 15508 | Lair:2   | Killed a death yak
 15513 | Lair:2   | Banished a death yak
 15691 | Lair:2   | Reached XP level 13. HP: 113/113 MP: 13/13
 16228 | Swamp:1  | Entered Level 1 of the Swamp
 16228 | Swamp:1  | Noticed an eleionoma
 16633 | Lair:3   | Reached skill level 11 in Fighting
 16713 | Lair:3   | Found a staircase to the Snake Pit.
 17480 | Lair:4   | Reached skill level 12 in Fighting
 18058 | Lair:4   | Noticed Urug
 18070 | Lair:4   | Banished Urug
 18168 | Lair:5   | Entered Level 5 of the Lair of Beasts
 18218 | Lair:5   | Found a viscous altar of Jiyva.
 18218 | Lair:5   | Found a staircase to the Slime Pits.
 18361 | Lair:5   | Reached skill level 13 in Fighting
 18376 | Lair:5   | Reached XP level 14. HP: 106/129 MP: 14/14
 18831 | Lair:5   | Found a burning altar of Makhleb.
 18856 | Lair:5   | Reached skill level 14 in Fighting
 19371 | Lair:5   | Found a gateway to Hell.
 20098 | Orc:1    | Entered Level 1 of the Orcish Mines
 20098 | Orc:1    | Found Pola's Weapon Shoppe.
 20126 | Orc:1    | Found a burning altar of Makhleb.
 20160 | Orc:1    | Found a runed translucent gate.
 20161 | Orc:1    | Found a runed translucent gate.
 20163 | Orc:1    | Found a runed translucent gate.
 20169 | Orc:1    | Noticed olmar's ghost (journeyman MDMo)
 20555 | Orc:2    | Entered Level 2 of the Orcish Mines
 20578 | Orc:2    | Found Kimion's Antique Weapon Shoppe.
 20625 | Orc:2    | Found Zalarghij's Book Emporium.
 20760 | Orc:2    | Bought a manual of Polearms for 960 gold pieces
 20886 | Orc:2    | Noticed an orc warlord
 21174 | Orc:1    | Killed an orc warlord
 21533 | Orc:2    | Found Timoj's Antique Armour Boutique.
 21541 | Orc:2    | Bought a pair of runed boots for 135 gold pieces
 21762 | Orc:2    | Reached skill level 15 in Fighting
 22218 | Orc:2    | Found Gusuheut's General Store.
 22234 | Orc:2    | Found a staircase to the Elven Halls.
 22236 | Orc:2    | Bought a scroll of identify for 20 gold pieces
 23079 | D:12     | Noticed Nessos
 23109 | D:12     | Killed Nessos
 23803 | D:13     | Reached XP level 15. HP: 136/141 MP: 15/15
 23824 | D:13     | Noticed Snorg
 23830 | D:13     | Killed Snorg
 23964 | D:13     | Found a runed translucent door.
 23973 | D:13     | Noticed a lich
 23978 | D:13     | Noticed Mexzoddasi's ghost (journeyman MiBe)
 24556 | D:14     | Acquired 869 gold pieces
 24690 | D:14     | Reached skill level 16 in Fighting
 25022 | D:14     | Found a gate to the Vaults.
 25285 | D:15     | Entered Level 15 of the Dungeon
 25353 | D:15     | Found a staircase to the Depths.
 25353 | D:15     | Noticed a frost giant
 25376 | D:15     | Killed a frost giant
 25797 | D:15     | Reached skill level 15 in Dodging
 26125 | D:15     | Reached skill level 17 in Fighting
 26780 | D:15     | Identified the +1 war axe of Uskayaw, Feeding {freeze, rC+
                  | Str-3 SInv}
 27757 | Swamp:1  | Reached XP level 16. HP: 156/156 MP: 16/16
 28428 | Swamp:2  | Reached skill level 18 in Fighting
 30297 | Swamp:4  | Entered Level 4 of the Swamp
 31960 | Swamp:4  | Paralysed by a hornet for 3 turns
 32269 | Swamp:4  | Reached skill level 10 in Evocations
 33573 | Swamp:4  | Got a decaying rune of Zot
 34366 | Elf:1    | Entered Level 1 of the Elven Halls
 34495 | Elf:1    | Reached XP level 17. HP: 165/165 MP: 17/17
 34536 | Elf:1    | Found a portal to a secret trove of treasure.
 34634 | Elf:1    | Reached skill level 5 in Shields
 34679 | Elf:1    | Got Laoxtatt's Directory of Finality
 34906 | Elf:1    | Reached skill level 1 in Spellcasting
 34906 | Elf:1    | Reached skill level 1 in Necromancy
 35193 | Elf:1    | Found Hior's Weapon Boutique.
 36424 | Elf:2    | Noticed a Tzitzimitl
 36940 | Elf:2    | Found a runed translucent gate.
 36940 | Elf:2    | Found a runed translucent gate.
 36940 | Elf:2    | Found a runed translucent gate.
 36940 | Elf:2    | Noticed Cuucabuana's ghost (veteran MiGl)
 37000 | Elf:2    | Reached skill level 5 in Necromancy
 37119 | Elf:2    | Learned a level 3 spell: Fugue of the Fallen
 37143 | Elf:2    | Found a runed translucent gate.
 37144 | Elf:2    | Found a runed translucent gate.
 37144 | Elf:2    | Found a runed translucent gate.
 37240 | Elf:2    | Noticed an acid blob
 37334 | Elf:2    | Found a viscous altar of Jiyva.
 37739 | Snake:1  | Entered Level 1 of the Snake Pit
 37843 | Snake:1  | Upgraded the game from 0.32-a0-886-g41c5271027 to
                  | 0.32-a0-893-gf85d74f360
 37852 | Snake:1  | Got the Elucidation of Posthumous Hermetica
 40183 | Snake:1  | Found a shadowy altar of Dithmenos.
 43166 | Snake:3  | Reached skill level 10 in Shields
 44092 | Snake:3  | Reached XP level 18. HP: 173/173 MP: 24/24
 44792 | Snake:3  | Reached skill level 1 in Shapeshifting
 44960 | Snake:3  | Noticed Vashnia
 44962 | Snake:3  | Banished Vashnia
 45500 | Snake:4  | Entered Level 4 of the Snake Pit
 45500 | Snake:4  | Found a stormy altar of Qazlal.
 49329 | Snake:4  | Got a serpentine rune of Zot
 49857 | Snake:4  | Reached skill level 5 in Shapeshifting
 51682 | Vaults:1 | Entered Level 1 of the Vaults
 52632 | Vaults:1 | Reached XP level 19. HP: 166/181 MP: 25/25
 53182 | Vaults:1 | Identified the +5 plate armour of Weniun {rF- rN+ Will+}
 53393 | Vaults:1 | Reached skill level 15 in Shields
 56882 | Vaults:2 | Noticed Mennas
 57114 | Vaults:2 | Killed Mennas
 57131 | Vaults:2 | Reached skill level 10 in Shapeshifting
 57590 | Vaults:2 | Reached skill level 15 in Polearms
 57592 | Vaults:2 | Reached skill level 19 in Fighting
 58831 | Vaults:2 | Found a staircase to the Crypt.
 58831 | Vaults:2 | Found an ancient bone altar of Kikubaaqudgha.
 58832 | Vaults:2 | Found a basalt altar of Yredelemnul.
 59429 | Vaults:3 | Reached XP level 20. HP: 170/193 MP: 26/26
 59544 | Vaults:3 | Found a white marble altar of Elyvilon.
 59578 | Vaults:3 | Reached skill level 20 in Fighting
 60669 | Vaults:3 | Found Vapniog's General Store.
 61014 | Vaults:3 | Identified the +8 great sword "Gumn" {speed, ^Fragile
                  | +Blink rPois rF+ Str+2}
 61539 | Vaults:3 | You are sucked into a shaft and drop 1 floor!
 61709 | Vaults:4 | Noticed Xtahua
 61757 | Vaults:4 | Banished Xtahua
 61988 | Vaults:4 | Noticed Margery
 62011 | Vaults:4 | Banished Margery
 62943 | Vaults:4 | HP: 4/193 [ironbound frostheart/creeping frost (50)]
 64145 | Vaults:4 | Found Gozag's Assorted Antiques.
 64323 | Vaults:4 | Found an opulent altar of Gozag.
 64326 | Vaults:4 | Found Gozag's Antique Armour Boutique.
 64329 | Vaults:4 | Found Gozag's Antique Armour Shop.
 64435 | Vaults:4 | Bought an embroidered cloak for 750 gold pieces
 64574 | Vaults:4 | Noticed Zenata
 64583 | Vaults:4 | Killed Zenata
 65300 | Depths:1 | Entered Level 1 of the Depths
 65553 | Elf:3    | Entered Level 3 of the Elven Halls
 66148 | Elf:3    | Reached XP level 21. HP: 195/201 MP: 27/27
 66373 | Elf:3    | Identified the +1 robe "Qisag" {rC+ Stlth+}
 68204 | Elf:3    | Identified the +5 battleaxe of Pitziggaty {heavy, *Rage
                  | Str+3 Stlth+}
 69036 | Elf:3    | Identified the +7 war axe of Past Mistakes {flame, rN+
                  | Will+}
 69036 | Elf:3    | Identified the ring "Ysutomm" {rPois rC+ rN+ Int-4 Stlth+}
 69436 | Elf:3    | Identified the +4 ring mail of Jaazegga {rF+ rC+ Str-4
                  | Int+2}
 69635 | Elf:3    | Identified the +2 robe of Rarottako {MP+9 Dex+4}
 70178 | Elf:3    | Got the Papyrus of Creeping Effluvium
 73544 | Depths:1 | Found a one-way gateway to a ziggurat.
 73591 | Depths:1 | Got the Secrets of Topomancy and the Nimbus
 74193 | Depths:1 | Found a one-way gate leading to the halls of Pandemonium.
 74436 | Depths:2 | Found a magical portal.
 74501 | WizLab   | Entered Maxwell's Workshop
 75673 | Depths:2 | Acquired the +3 pair of gauntlets of War {Slay+5}
 75673 | Depths:2 | Found the +3 pair of gauntlets of War {Slay+5}
 75750 | Depths:2 | Found Togasynt's Antique Weapon Emporium.
 75834 | Depths:2 | Noticed a golden dragon
 75846 | Depths:2 | Reached XP level 22. HP: 209/209 MP: 28/28
 75854 | Depths:2 | Killed a golden dragon
 76148 | Depths:2 | Got the Verses on Refined Hurting
 76151 | Depths:2 | Identified the +11 orcbow of Fedhas's Anger {freeze, Str+5
                  | Dex+2 SInv}
 76711 | Depths:3 | Acquired the +0 hat of Dyoje {Will+ rCorr}
 77418 | Depths:3 | Identified the ring of Xom's Best Wishes {Int+2 SInv}
 77421 | Depths:3 | Identified the orb of Hurr {*Rage, Int+2}
 77689 | Depths:3 | Identified the +0 ring mail of Fedhas's Favour {Harm rF-
                  | rC+++ Dex+4}
 77823 | Depths:3 | Found a shimmering altar of Xom.
 77989 | Depths:3 | Found a one-way gate to the infinite horrors of the Abyss.
 78045 | Depths:4 | Entered Level 4 of the Depths
 78181 | Depths:4 | Noticed Grunn
 78182 | Depths:4 | Noticed a caustic shrike
 78182 | Depths:4 | Noticed a caustic shrike
 78182 | Depths:4 | Noticed a caustic shrike
 78184 | Depths:4 | Noticed a caustic shrike
 78188 | Depths:4 | Noticed a caustic shrike
 78204 | Depths:3 | Killed a caustic shrike
 78208 | Depths:3 | Banished a caustic shrike
 78484 | Depths:3 | Banished a caustic shrike
 78610 | Depths:3 | Killed a caustic shrike
 79039 | Depths:3 | Killed a caustic shrike
 79061 | Depths:4 | Banished Grunn
 80102 | Depths:4 | Noticed Parghit
 80148 | Depths:4 | Killed Parghit
 80897 | Depths:4 | Found a gate to the Realm of Zot.
 81609 | Depths:4 | Reached XP level 23. HP: 205/217 MP: 29/29
 82432 | Depths:4 | Found a sacrificial altar of Ru.
 82970 | Slime:1  | Entered Level 1 of the Pits of Slime
 83020 | Slime:1  | Reached skill level 21 in Fighting
 83984 | Slime:5  | Entered Level 5 of the Pits of Slime
 85307 | Slime:5  | Noticed the Royal Jelly
 85331 | Slime:5  | Killed the Royal Jelly
 85992 | Slime:5  | Identified the ring of Doubts {*Corrode rElec rPois MP+9
                  | Dex+5}
 86000 | Slime:5  | Got a slimy rune of Zot
 86002 | Slime:5  | Identified the +3 glaive "Bofaech" {venom, rC++}
 87219 | Vaults:5 | Entered Level 5 of the Vaults
 87240 | Vaults:4 | Reached skill level 22 in Fighting
 87557 | Vaults:5 | Noticed an ancient lich
 87565 | Vaults:5 | Banished an ancient lich
 87590 | Vaults:5 | Noticed an ancient lich
 88135 | Vaults:5 | Got a silver rune of Zot
 88437 | Vaults:5 | Got the Information on Fulmination
 88479 | Vaults:5 | Found the +4 robe of Folly {Brill Will-∞ Int+8}
 88485 | Vaults:5 | Banished an ancient lich
 88493 | Vaults:5 | Reached XP level 24. HP: 215/234 MP: 29/29
 88741 | Vaults:5 | Identified the ring of Biuzylad {rPois Str+3 Int+6}
 88861 | Vaults:5 | Reached skill level 23 in Fighting
 89283 | Vaults:5 | Identified the +0 pair of boots of the Shoals {*Slow Fly
                  | Int+2}
 89292 | Vaults:5 | Identified the ring "Suseh" {Fly rF+ rCorr Int-5}
 89437 | Vaults:5 | Identified the +8 scimitar of Cutogim {speed, SInv}
 89575 | Vaults:5 | Acquired the +2 hood of the Assassin {Detect Stab+ Stlth++}
 89575 | Vaults:5 | Found the +2 hood of the Assassin {Detect Stab+ Stlth++}
 89589 | Vaults:5 | Acquired the amulet of Immorality {Acrobat rF+}
 89874 | Zot:1    | Entered Level 1 of the Realm of Zot
 90112 | Zot:1    | Noticed an orb of fire
 91060 | Zot:1    | Found a runed translucent door.
 91062 | Zot:1    | Noticed Cuhyol's ghost (veteran MfSh)
 92733 | Zot:2    | Reached skill level 24 in Fighting
 92745 | Zot:2    | You are sucked into a shaft and drop 1 floor!
 93468 | Zot:2    | Found the +27 heavy crossbow "Sniper" {heavy, Acc+∞ SInv}
 94047 | Zot:2    | Got the Almanac of Confrontation
 94879 | Zot:4    | Reached XP level 25. HP: 187/248 MP: 29/29
 95070 | Zot:4    | Reached skill level 25 in Fighting
 95951 | Zot:5    | Entered Level 5 of the Realm of Zot
 95999 | Zot:5    | Noticed a Killer Klown
 96005 | Zot:5    | Killed a Killer Klown
 96270 | Zot:5    | Killed a dread lich
 96293 | Zot:5    | Noticed an orb of fire
 96310 | Zot:5    | Reached skill level 26 in Fighting
 96337 | Zot:5    | Killed an ancient lich
 96346 | Zot:5    | Noticed an orb of fire
 96348 | Zot:5    | Noticed an orb of fire
 96348 | Zot:5    | Noticed an orb of fire
 96358 | Zot:5    | Killed a dread lich
 96361 | Zot:5    | Killed an orb of fire
 96362 | Zot:5    | Noticed an orb of fire
 96363 | Zot:5    | Killed a Killer Klown
 96363 | Zot:5    | Killed an ancient lich
 96367 | Zot:5    | Killed an ancient lich
 96368 | Zot:5    | Noticed a Killer Klown
 96383 | Zot:5    | Killed a Killer Klown
 96737 | Zot:5    | Noticed a Killer Klown
 96754 | Zot:5    | Killed a Killer Klown
 97053 | Zot:5    | Noticed a Killer Klown
 97108 | Zot:5    | Killed a Killer Klown
 97474 | Zot:5    | Reached skill level 27 in Fighting
 97477 | Zot:5    | Got the Orb of Zot
 97738 | Depths:4 | Noticed Hets the pandemonium lord
 97901 | D:11     | Noticed Fytefr Osits the pandemonium lord
 98173 | D:$      | Escaped with the Orb!

Illustrated notes

Levels and vault maps discovered:
D:1:      minmay_arrival_four_loops, layout_basic, roderic_lattice_a
D:2:      layout_basic, minmay_heptomino_d4
D:3:      kennysheep_six_static_rooms, layout_basic,
          cheibrodos_sewer_entry_bend, minmay_bisected
D:4:      layout_rooms, mainiacjoe_overflow_six_doors_small, uniq_duvessa,
          uniq_menkaure
D:5:      layout_rooms
D:6:      layout_cave_pools, makhleb_grotto_becter, minmay_temple_entry_arrows,
          serial_column_ruins, column_ruins_hut, column_ruins_hut,
          column_ruins_open_medium, column_ruins_grid_1,
          column_ruins_columns_corner, column_ruins_columns_straight,
          serial_shops, nicolae_shop_tiny_glass, shop, kennysheep_mini_moat,
          dreamdust_princess_corridor, nicolae_water_bricks, uniq_sigmund
D:7:      nicolae_cairo_tiling, layout_rooms,
          nicolae_gozag_cash_rules_everything_around_me,
          nicolae_overflow_squiral, nicolae_letterblocks
          [nicolae_letter_subblock, nicolae_letter_subblock,
          nicolae_letter_subblock, nicolae_letter_subblock,
          nicolae_letter_subblock, nicolae_letter_subblock,
          nicolae_letter_subblock, nicolae_letter_subblock,
          nicolae_letter_subblock, nicolae_letter_subblock,
          nicolae_letter_subblock, nicolae_letter_subblock,
          nicolae_letter_subblock, nicolae_letter_subblock,
          nicolae_letter_subblock, nicolae_letter_subblock,
          nicolae_letter_subblock, nicolae_letter_subblock,
          nicolae_letter_subblock, nicolae_letter_subblock,
          nicolae_letter_subblock, nicolae_letter_subblock,
          nicolae_letter_subblock, nicolae_letter_subblock,
          nicolae_letter_subblock]
D:8:      minmay_octagon_keep, layout_gridville, enter_bailey_8
D:9:      layout_roguey, erik_lair_dragon, corexii_corridor_pit,
          kennysheep_generic_room_4, uniq_prince_ribbit1, uniq_jeremiah
D:10:     layout_gridville, orc_0_dummy, nicolae_fountain_basement
D:11:     layout_roguey, portal_ice_cave_entry_imps, serial_shops,
          nicolae_diamond_shop, kennysheep_path_1, uniq_harold
D:12:     layout_long_grid, minivault_24, uniq_nessos
D:13:     layout_roguey, muffindrake_ghost_dual_entry, uniq_snorg
D:14:     layout_layer_cave, hellmonk_vaults_order_and_chaos,
          minmay_misc_feat_encased
D:15:     hangedman_crystal_crosses_colossus [crystal_crosses_arms_four,
          crystal_crosses_arms_two, crystal_crosses_arms_one]
Temple:   sentei_temple_godly_chess
Lair:1:   layout_chaotic_city, uniq_gastronok, uniq_fannar
Lair:2:   layout_chaotic_city, swamp_mist, gauntlet_entry_generic,
          kilobyte_rumbling_trees
Lair:3:   layout_gridlike, alex1729_snake_entry_snake, grunt_megastairs_2
Lair:4:   layout_gridlike, pdpol_lair_cavern_descent, uniq_urug
Lair:5:   evil_forest, layout_regular_city, nicolae_slime_entry_slimehenge,
          infiniplex_staircase_pool_2, grunt_megastairs_1
Swamp:1:  layout_basic_swamp, evilmike_swamp_ruin_house_4
Swamp:2:  layout_falls_marsh, evilmike_swamp_ruin_house_2,
          infiniplex_staircase_pool
Swamp:3:  layout_basic_swamp, evilmike_swamp_ruin_house_1,
          nicolae_swamp_tree_isthmus
Swamp:4:  swamp, layout_basic_swamp, swamp_pool_3, nicolae_swamp_spooky_pond
Snake:1:  layout_onion_interference, basic_altar
Snake:2:  layout_rooms
Snake:3:  layout_honeycomb, serial_library_hellmonk_angled_corner,
          grunt_ministairs_8, nicolae_triple_integral, uniq_vashnia
Snake:4:  grunt_snake_rune_spirals, layout_onion, basic_altar,
          grunt_ministairs_8
Slime:1:  layout_caves, nicolae_slime_getting_an_eyeful
Slime:2:  layout_caves
Slime:3:  layout_caves
Slime:4:  layout_caves
Slime:5:  slime_pit_nicolae_inversion
Orc:1:    layout_diamond_mine, gammafunk_ghost_split, basic_altar, serial_shops,
          nicolae_shop_tiny_waterfront, bh_open_orc_temple
Orc:2:    grunt_orc_gardens, layout_caves, grunt_orc_garden, grunt_orc_garden,
          grunt_orc_garden, grunt_orc_garden
Elf:1:    elf_arrival_002, layout_onion_city, serial_shops, nicolae_shop_stone,
          nicolae_trove_entry_crystal, minmay_elf_necromancy
Elf:2:    nicolae_elf_blades_splatter_lattice
          [nicolae_blade_entry_hurt_lockers], layout_loops_cross,
          gammafunk_ghost_ooze
Elf:3:    grunt_elf_hall_diamonds, layout_onion_city, laboratory
Vaults:1: ontoclasm_vaults_fault, minmay_orc_keep, grunt_vaults_diagonal,
          v_misc_10, nicolae_vaults_twisting_passages, nicolae_vaults_house_2,
          ontoclasm_vaults_ring_small, nicolae_vaults_network_square,
          grunt_vaults_hallway_short, nicolae_vaults_windows_and_doors_thing,
          grunt_vaults_funnel, nicolae_vaults_little_squares_3,
          vaults_room_hallway, layout_vaults_omnicross
Vaults:2: v_alt_pattern_6, nicolae_vaults_alarming,
          nicolae_vaults_offset_grid_hallway_4, minmay_crypt_entry_necro_gods,
          vaults_room_semicircle, vaults_room_boxed,
          hangedman_vaults_stretched_pinwheel, dpeg_vaults_monster_box,
          ontoclasm_vaults_shuriken, nicolae_vaults_storage_room_water,
          nicolae_vaults_house_3, nicolae_vaults_closet_pinwheel_5,
          layout_vaults_omnigrid, uniq_mennas
Vaults:3: nicolae_vaults_trapezoid_layered, ontoclasm_vaults_idyll,
          nicolae_vaults_whirlpool_walls, nicolae_vaults_trapezoid_2,
          lemuel_angel_altar, vaults_standard_mumra_x, vaults_room_pools,
          nicolae_vaults_tetromino_L_1, hangedman_vaults_restitches,
          layout_vaults_big_room, serial_shops, shop
Vaults:4: nicolae_vaults_more_shelving_2, v_alt_pattern_6, vaults_dpeg_spiral,
          kennysheep_vaults_gozag_temple, nicolae_vaults_closet_pinwheel_1,
          v_misc_18, nicolae_vaults_surprise_closet,
          nicolae_vaults_stairing_the_circle,
          nicolae_vaults_trapezoid_lopsided_3, layout_vaults_ring, uniq_margery,
          uniq_xtahua, uniq_zenata
Vaults:5
Depths:1: layout_cave_pools, enter_ziggurat_c, minmay_misc_feat_plants,
          grunt_pan_entry_spiral, hell_entry, cheibrodos_lost_city_excavation
Depths:2: minmay_the_grid_triangle_9x9_recursive_2
          [minmay_the_grid_triangle_9x9_prize_schism,
          minmay_the_grid_triangle_9x9_corruption,
          minmay_the_grid_triangle_9x9_wacky_v,
          minmay_the_grid_triangle_9x9_checkered], layout_cave_shapes,
          rand_demon_pan_entry_8, serial_shops, nicolae_shop_rolling_square,
          mu_enter_wizlab_6, hangedman_coc_ice_floe,
          amcnicky_mini_rare_corridor_liquid, infiniplex_staircase_spiral_double
Depths:3: minmay_eyes, layout_cave_shapes, abyss_entry_crystal, hell_entry,
          regret_index_xom_buried_treasure, infiniplex_staircase_zigzag_3
Depths:4: grunt_zot_entry_bicorn, layout_basic, hell_entry, abyss_entry,
          nicolae_ru_path_of_blood, grunt_megastairs_5, uniq_grunn, uniq_parghit
Zot:1:    regret_index_zot_pan_timeshare, layout_basic,
          ebering_ghost_inner_flame
Zot:2:    layout_basic, regret_index_zot_stipple_split
Zot:3:    layout_onion_interference, regret_index_zotdec_plus,
          regret_index_zotdec_decaying_vile, st_small_dragon_hoard_1,
          amethyst_zot_foddershock
Zot:4:    layout_basic, regret_index_zotdec_misc_clamp, skrybe_zot_glass_1
Zot:5:    layout_misc_corridors

Skill      XL: |  1  2  3  4  5  6  7  8  9 10 11 12 13 14 15 16 17 18 19 20 21 22 23 24 25 |
---------------+----------------------------------------------------------------------------+-----
Short Blades   | 3 4 5 6 8 10 | 10.0
Fighting       | 4 5 6 9 10 13 15 17 18 19 20 22 24 27 | 27.0
Polearms       | 2 9 14 16 18 | 18.8
Dodging        | 4 6 10 12 14 15 16 17 20 21 22 24 | 24.2
Evocations     | 3 5 11 14 | 14.0
Shields        | 4 10 14 15 18 | 18.8
Spellcasting   | 4 |  4.3
Necromancy     | 5 |  5.0
Shapeshifting  | 6 10 | 10.0

Action                     |  1- 3 |  4- 6 |  7- 9 | 10-12 | 13-15 | 16-18 | 19-21 | 22-24 | 25-27 || total
---------------------------+-------+-------+-------+-------+-------+-------+-------+-------+-------++-------
  Melee: Rapier            |    52 |       |       |   359 |       |       |       |       |       ||   411
         Tailslap          |     5 |    19 |    47 |   106 |   114 |   164 |   289 |   224 |    43 ||  1011
         Short sword       |    71 |   213 |   317 |    35 |       |       |       |       |       ||   636
         Demon trident     |       |       |       |   315 |  1232 |  1716 |  1996 |  1665 |   256 ||  7180
         Maw               |       |       |       |       |       |       |   343 |   374 |    59 ||   776
  Throw: Boomerang         |       |     4 |    35 |       |       |     7 |       |       |       ||    46
         Dart              |       |       |    20 |       |       |       |       |       |       ||    20
         Javelin           |       |       |       |       |       |       |       |     1 |       ||     1
   Cast: Fugue of the Fall |       |       |       |       |       |     4 |       |       |       ||     4
 Invoke: Reject Sacrifices |       |       |     1 |       |       |       |       |       |       ||     1
         Potion Petition   |       |       |       |       |     1 |     3 |     9 |     3 |     1 ||    17
         Bribe Branch      |       |       |       |       |       |       |       |     3 |     1 ||     4
Ability: Nullifying Breath |       |       |     5 |     2 |       |       |     1 |       |       ||     8
  Evoke: Wand              |       |     7 |     9 |     1 |     2 |       |     1 |     8 |     2 ||    30
         Box of beasts     |       |       |       |       |       |     1 |     3 |     1 |       ||     5
         Phantom mirror    |       |       |       |       |       |       |     2 |     1 |       ||     3
         Lightning rod     |       |       |       |       |       |       |     3 |     2 |       ||     5
    Use: Scroll            |     1 |     4 |     3 |    12 |    16 |     3 |     7 |    13 |     4 ||    63
         Potion            |       |       |     6 |     3 |     1 |     4 |    11 |     7 |     4 ||    36
   Stab: Sleeping          |     1 |     3 |     1 |     6 |    23 |     5 |    13 |    22 |     6 ||    80
         Distracted        |       |       |       |     5 |    20 |    11 |    20 |    33 |     3 ||    92
         Petrified         |       |       |       |       |     3 |       |       |       |       ||     3
         Petrifying        |       |       |       |       |     1 |       |       |       |       ||     1
         Paralysed         |       |       |       |       |     4 |       |       |     1 |       ||     5
         Invisible         |       |       |       |       |       |     2 |     1 |     9 |       ||    12
 Armour: Skin              |    47 |    56 |   136 |   196 |   251 |   528 |   349 |   287 |    43 ||  1893
  Dodge: Dodged            |    53 |    54 |    95 |   295 |   312 |   507 |   441 |   492 |   122 ||  2371
  Block: Buckler           |    39 |    90 |   139 |   120 |   167 |   261 |       |       |       ||   816
         Reflection        |     1 |     4 |    17 |       |       |    42 |    82 |       |       ||   146
         Kite shield       |       |       |       |       |       |    57 |   813 |   396 |    93 ||  1359
   Form: Maw               |       |       |       |       |       |       |     1 |       |       ||     1

Table legend: (Time is in decaauts)
 A = Elapsed time spent in this place.
 B = Non-inter-level travel time spent in this place.
 C = Inter-level travel time spent in this place.
 D = Time resting spent in this place.
 E = Time spent auto-exploring this place.
 F = Levels seen in this place.
 G = Mean time per level.
                   A        B        C        D        E       F      G
               +--------+--------+--------+--------+--------+-----+--------+
         Total |  95390 |  89766 |   5624 |  41143 |  32473 |  56 | 1703.4 |
       Dungeon |  20839 |  18366 |   2473 |   6523 |   8015 |  15 | 1389.3 |
        Temple |    628 |    620 |      8 |    577 |      0 |   1 |  628.0 |
          Lair |   7585 |   6488 |   1097 |   2161 |   3388 |   5 | 1517.0 |
         Swamp |   6692 |   6600 |     92 |   4065 |   1674 |   4 | 1673.0 |
     Snake Pit |  11559 |  11408 |    151 |   7064 |   2995 |   4 | 2889.8 |
    Slime Pits |   3588 |   3524 |     64 |   2033 |    620 |   5 |  717.6 |
  Orcish Mines |   2497 |   2231 |    266 |    884 |   1038 |   2 | 1248.5 |
   Elven Halls |   8141 |   7772 |    369 |   4337 |   2404 |   3 | 2713.7 |
        Vaults |  15257 |  14596 |    661 |   5963 |   5763 |   5 | 3051.4 |
        Depths |   9352 |   9054 |    298 |   4218 |   2979 |   4 | 2338.0 |
           Zot |   7566 |   7426 |    140 |   2402 |   3518 |   5 | 1513.2 |
        Bailey |    894 |    894 |      0 |    572 |     78 |   1 |  894.0 |
        Wizlab |    336 |    336 |      0 |    333 |      0 |   1 |  336.0 |
      Gauntlet |    449 |    449 |      0 |      7 |      0 |   1 |  449.0 |
               +--------+--------+--------+--------+--------+-----+--------+

Top non-repeatable levels by time:
 Snake:4: 5695 daAuts
Vaults:1: 4587 daAuts
   Elf:3: 4454 daAuts
Depths:4: 3682 daAuts
Vaults:4: 3479 daAuts
    D:15: 3236 daAuts
 Swamp:3: 3133 daAuts
Vaults:3: 2970 daAuts
     D:9: 2959 daAuts
 Slime:5: 2592 daAuts
 Snake:3: 2550 daAuts
Vaults:2: 2500 daAuts
   Zot:1: 2421 daAuts
  Lair:3: 2324 daAuts
 Snake:1: 2149 daAuts
